 Dungeon Crawl Stone Soup version 0.28-a0-793-g31680bbd8b (webtiles) character file.

Game seed: 18155789988971238760

1041 Essalna the Firebug (level 8, -5/41 HPs)
             Began as a Gargoyle Fire Elementalist on Nov 5, 2021.
             Slain by a black bear (7 damage)
             ... on level 5 of the Dungeon.
             The game lasted 00:10:30 (5436 turns).

Essalna the Firebug (Gargoyle Fire Elementalist)    Turns: 5436, Time: 00:10:31

Health: -5/41      AC:  8    Str: 12    XL:     8   Next: 25%
Magic:  3/15       EV: 11    Int: 18    God:
Gold:   119        SH:  0    Dex: 10    Spells: 14/17 levels left

rFire   . . .      SeeInvis .   p - +2 short sword (speed)
rCold   . . .      Faith    .   (no shield)
rNeg    + . .      Spirit   .   a - +0 robe
rPois   ∞          Reflect  .   e - +0 helmet
rElec   +          Harm     .   (no cloak)
rCorr   .          Rampage  .   (no gloves)
Will    .....                   (no boots)
Stlth   ++........              o - amulet of regeneration
HPRegen 1.13/turn               (no ring)
MPRegen 0.14/turn               (no ring)

@: about to teleport
A: sickness immunity, AC +5, negative energy resistance 1, electricity
resistance, torment resistance 1, petrification resistance
a: no special abilities


You were on level 5 of the Dungeon.
You visited 1 branch of the dungeon, and saw 5 of its levels.

You collected 119 gold pieces.

Inventory:

Hand Weapons
 c - a +0 short sword
 d - a +3 dagger
 p - a +2 short sword of speed (weapon)
Armour
 a - a +0 robe (worn)
 e - a +0 helmet (worn)
Jewellery
 o - an amulet of regeneration (around neck)
Wands
 f - a wand of flame (14)
Scrolls
 b - a scroll of fog
 g - a scroll of teleportation
 h - a scroll of fear {unknown}
 i - 4 scrolls of immolation {unknown}
 j - 2 scrolls of enchant weapon {unknown}
 k - a scroll of magic mapping {unknown}
 l - 3 scrolls of identify {unknown}
 m - 2 scrolls of enchant armour {unknown}
 q - a scroll of blinking {unknown}


   Skills:
 - Level 1.5 Dodging
 - Level 2.1 Stealth
 + Level 5.2 Spellcasting
 + Level 5.9 Conjurations
 + Level 6.2 Fire Magic


You had 14 spell levels left.
You knew the following spells:

 Your Spells              Type           Power      Damage    Failure   Level
a - Foxfire               Conj/Fire      100%       2x1d9     1%          1
b - Scorch                Fire           54%        2d8       1%          2

Your spell library contained the following spells:

 Spells                   Type           Power      Damage    Failure   Level
 Conjure Flame            Conj/Fire      26%        6-21      3%          3
 Inner Flame              Hex/Fire       15%        N/A       11%         3
 Flame Wave               Conj/Fire      26%        3d6       11%         4
 Stone Arrow              Conj/Erth      30%        3d8       12%         3
 Sandblast                Erth           8%         2d5       13%         1
 Passwall                 Tmut/Erth      3%         N/A       21%         2
 Gell's Gravitas          Tloc           4%         N/A       36%         3
 Lesser Beckoning         Tloc           4%         N/A       36%         3
 Teleport Other           Tloc           4%         N/A       36%         3


Dungeon Overview and Level Annotations

Branches:
Dungeon (5/15)
 Temple: D:4-7

Altars:
Fedhas
Hepliaklqana
Sif Muna
Zin

Shops:
D:3 !:


Innate Abilities, Weirdness & Mutations

You are immune to sickness and miasma.
Your stone body is resilient. (AC +5)
You are immune to poison.
You resist negative energy. (rN+)
You are resistant to electric shocks. (rElec)
You are resistant to unholy torment.
You are immune to petrification.


Message History

The yak misses you. The black bear bites you.
* * * LOW HITPOINT WARNING * * *
The black bear claws you.
* * * LOW HITPOINT WARNING * * *
The black bear claws you.
* * * LOW HITPOINT WARNING * * *
You feel better. The black bear completely misses you.
The black bear barely misses you. The black bear claws you. The yak misses you.
An orc comes into view. It is wielding a +0 hand axe.
You feel better. The black bear closely misses you.
The black bear barely misses you. x2; The yak misses you.
The black bear bites you.
The black bear claws you but does no damage. x2
You aren't carrying any potions.
The black bear rages.
The black bear bites you. The black bear claws you.
The black bear barely misses you.
Found a sedimented grey potion.
The black bear barely misses you. The black bear closely misses you.
The black bear claws you but does no damage.
The black bear bites you but does no damage.
The black bear claws you. x2
* * * LOW HITPOINT WARNING * * *
The black bear bites you.
* * * LOW HITPOINT WARNING * * *
The black bear barely misses you. x2
You aren't carrying any potions.
As you read the scroll labelled HYOCRU IFAMAU, it crumbles to dust.
You feel strangely unstable.
It was a scroll of teleportation.
The black bear misses you. The black bear closely misses you.
The black bear claws you but does no damage.
The black bear rages.
The black bear bites you.
* * * LOW HITPOINT WARNING * * *
The black bear claws you.
* * * LOW HITPOINT WARNING * * *
The black bear closely misses you.
The black bear rages.
The black bear bites you!
You die...

## .# #......# .# #......# .#
#......# # .# #......# .#
##############......# ##.#
....................#####..!#
........)........Y........#.#
(...........<...@ho....§§..#
......................§§§###
..............######...§§§§## #
########......#....#...§§§#o#.#
#......'....######.§§§#
#...[..#....#....§§#§§#
#......#....#....§.#§§..)
#..)...#....#......#......
#......#....#......#....!.


You could see a yak, a black bear (berserk) and an orc.

Vanquished Creatures
  Menkaure (D:5)
  Edmund (D:4)
  A necrophage (D:4)
  2 ogres (D:5)
  A centaur (D:5)
  A phantom (D:5)
  A kobold brigand (D:5)
  A scorpion (D:5)
  Jessica (D:3)
  An iguana (D:5)
  Ijyb (D:3)
  Terence (D:3)
  A hound skeleton (D:4)
  6 adders
  A howler monkey skeleton (D:4)
  An ufetubus (D:4)
  4 worms
  3 orcs (D:5)
  6 ball pythons
  3 bats
  4 endoplasms
  4 giant cockroaches
  7 goblins
  5 hobgoblins
  4 jackals (D:1)
  16 kobolds
  A quokka (D:3)
  5 frilled lizards
  3 rats
87 creatures vanquished.

Vanquished Creatures (collateral kills)
  A foxfire (D:4)
1 creature vanquished.

Vanquished Creatures (others)
  411 foxfires
411 creatures vanquished.

Grand Total: 499 creatures vanquished

Notes
Turn   | Place    | Note
-------+----------+-------------------------------------------
     0 | D:1      | Essalna the Gargoyle Fire Elementalist began the quest for
                  | the Orb.
     0 | D:1      | Reached XP level 1. HP: 10/10 MP: 3/3
    80 | D:1      | Reached XP level 2. HP: 12/15 MP: 0/5
   551 | D:1      | Reached XP level 3. HP: 19/19 MP: 2/6
  1840 | D:2      | Reached XP level 4. HP: 23/24 MP: 3/8
  1843 | D:2      | Learned a level 2 spell: Scorch
  2621 | D:3      | Found Oleekaf's Distillery.
  2682 | D:3      | Found a faded altar of an unknown god.
  2933 | D:3      | Found Ragh's Book Shop.
  3107 | D:3      | Noticed Terence
  3137 | D:3      | Killed Terence
  3138 | D:3      | Reached skill level 4 in Fire Magic
  3138 | D:3      | Reached XP level 5. HP: 24/28 MP: 1/9
  3462 | D:3      | Found a blossoming altar of Fedhas.
  3522 | D:3      | Noticed Ijyb
  3524 | D:3      | Noticed Jessica
  3568 | D:3      | Killed Ijyb
  3776 | D:3      | Killed Jessica
  4295 | D:4      | Found a hazy altar of Hepliaklqana.
  4298 | D:4      | Found a shimmering blue altar of Sif Muna.
  4324 | D:4      | Noticed Edmund
  4394 | D:4      | Killed Edmund
  4395 | D:4      | Reached XP level 6. HP: 27/32 MP: 0/11
  4514 | D:4      | Noticed a necrophage
  4523 | D:4      | Killed a necrophage
  4750 | D:4      | Found a glowing silver altar of Zin.
  4790 | D:5      | Entered Level 5 of the Dungeon
  4805 | D:5      | Reached skill level 5 in Fire Magic
  4805 | D:5      | Reached XP level 7. HP: 7/36 MP: 6/13
  4923 | D:5      | Reached skill level 5 in Conjurations
  5032 | D:5      | Noticed Menkaure
  5034 | D:5      | Killed Menkaure
  5111 | D:5      | Reached skill level 5 in Spellcasting
  5111 | D:5      | Reached XP level 8. HP: 30/41 MP: 4/15
  5270 | D:5      | Reached skill level 6 in Fire Magic
  5417 | D:5      | Noticed a yak
  5435 | D:5      | HP: 1/41 [black bear (5)]
  5436 | D:5      | Slain by a black bear

Illustrated notes

Levels and vault maps discovered:
D:1:      wander_arrival_peaceful_grave, layout_basic
D:2:      layout_basic
D:3:      layout_loops_corners, fedhas_altar_4, serial_shops, shop,
          nicolae_shop_statue_plus, shapermc_ecumenical_altar_venn,
          kennysheep_generic_room_9, uniq_ijyb, uniq_jessica, uniq_terence
D:4:      layout_rooms, gammafunk_temple_overflow_forgotten, serial_park_tiny_1,
          uniq_edmund
D:5:      layout_gridville, minmay_manual_monstrance, uniq_menkaure

Skill      XL: |  1  2  3  4  5  6  7  8 |
---------------+-------------------------+-----
Conjurations   | 2 4 5 |  5.9
Spellcasting   | 3 4 5 |  5.2
Fire Magic     | 4 5 6 |  6.2
Dodging        | |  1.5
Stealth        | |  2.1

Action                   |  1- 3 |  4- 6 |  7- 9 || total
-------------------------+-------+-------+-------++-------
Melee: Unarmed           |     3 |       |       ||     3
       Short sword       |     8 |       |     8 ||    16
       Dagger            |    20 |    18 |     8 ||    46
 Cast: Foxfire           |    75 |   106 |    63 ||   244
       Scorch            |       |    12 |     7 ||    19
  Use: Potion            |       |     2 |     3 ||     5
       Scroll            |       |       |     2 ||     2
 Stab: Sleeping          |     1 |       |       ||     1
Armor: Robe              |    17 |     7 |    24 ||    48
Dodge: Dodged            |    25 |    23 |    47 ||    95

Table legend: (Time is in decaauts)
 A = Elapsed time spent in this place.
 B = Non-inter-level travel time spent in this place.
 C = Inter-level travel time spent in this place.
 D = Time resting spent in this place.
 E = Time spent auto-exploring this place.
 F = Levels seen in this place.
 G = Mean time per level.
                   A        B        C        D        E       F      G
               +--------+--------+--------+--------+--------+-----+--------+
         Total |   5432 |   5328 |    104 |      0 |   4565 |   5 | 1086.4 |
       Dungeon |   5432 |   5328 |    104 |      0 |   4565 |   5 | 1086.4 |
               +--------+--------+--------+--------+--------+-----+--------+

Top non-repeatable levels by time:
     D:3: 1455 daAuts
     D:2: 1309 daAuts
     D:1: 1194 daAuts
     D:4: 828 daAuts
     D:5: 643 daAuts
